 Dungeon Crawl Stone Soup version 0.28-a0-1506-g3893175d92 (webtiles) character file.

Game seed: 12974988934130503213

3906 murtidash the Thaumaturge (level 10, -13/60 HPs)
             Began as a Djinni Ice Elementalist on Jan 13, 2022.
             Was a Follower of Makhleb.
             Mangled by a komodo dragon (16 damage)
             ... on level 7 of the Dungeon.
             The game lasted 00:20:05 (10154 turns).

murtidash the Thaumaturge (DjIE)                   Turns: 10154, Time: 00:20:05

Health: -13/60     AC:  7    Str:  7    XL:     10   Next: 43%
Gold:   363        EV: 15    Int: 21    God:    Makhleb [*.....] SH:  0 Dex: 14

rFire   + + +      SeeInvis +   u - +8 flail of Wu Jian's Approval {venom, Fly rPois rF+}
rCold   x . .      Faith    .   (no shield)
rNeg    . . .      Spirit   .   I - +2 robe {Archmagi}
rPois   ∞          Reflect  .   j - +0 helmet
rElec   .          Harm     .   y - +0 cloak
rCorr   .          Rampage  .   (no gloves)
Will    +....      Archmagi +   (boots unavailable)
Stlth   ++........              (no amulet)
HPRegen 0.20/turn               k - ring of see invisible {sInv, !d}
MPRegen 0.00/turn               (no ring)

@: flying
A: sickness immunity, fire resistance 2, cold vulnerability 1, float, innate
caster, hp casting, extra vitality 1
a: Renounce Religion


You were on level 7 of the Dungeon.
You worshipped Makhleb.
Makhleb was aware of your devotion.
You visited 2 branches of the dungeon, and saw 8 of its levels.

You collected 363 gold pieces.

Inventory:

Hand Weapons
 c - a +2 rapier of venom
   (You took it off a goblin on level 3 of the Dungeon)
 u - the +8 flail of Wu Jian's Approval (weapon) {venom, Fly rPois rF+}
   (You found it on level 5 of the Dungeon)

   It poisons the flesh of those it strikes.
   rF:        It protects you from fire.
   rPois:     It protects you from poison.
   Fly:       It grants you flight.
Armour
 j - a +0 helmet (worn)
   (You found it on level 2 of the Dungeon)
 y - a +0 cloak (worn)
   (You found it on level 6 of the Dungeon)
 H - +0 steam dragon scales
   (You took it off Maggie on level 7 of the Dungeon)
 I - a +2 robe of the Archmagi (worn)
   (You took it off an orc wizard on level 7 of the Dungeon)
Jewellery
 k - a ring of see invisible (left hand) {sInv, !d}
   (You found it on level 2 of the Dungeon)
Wands
 x - a wand of polymorph (7)
   (You found it on level 6 of the Dungeon)
 E - a wand of paralysis (9)
   (You found it on level 7 of the Dungeon)
Scrolls
 b - 2 scrolls of fear
 d - a scroll of silence {unknown}
 f - a scroll of vulnerability {!r!r}
 n - a scroll of brand weapon {unknown}
 q - a scroll of noise {unknown}
 r - a scroll of teleportation {unknown}
 t - a scroll of blinking {unknown}
 w - a scroll of amnesia {unknown}
 B - a scroll of enchant armour {unknown}
 D - 3 scrolls of identify {@r1}
 F - 2 scrolls of torment {unknown}
Potions
 e - a potion of haste {unknown}
 g - 4 potions of attraction {!q}
 h - 2 potions of heal wounds {unknown}
 i - 4 potions of invisibility
 l - 4 potions of curing
 o - 2 potions of might
 p - 2 potions of ambrosia
 s - a potion of brilliance {unknown}
 v - a potion of flight {unknown}
 z - a potion of magic {unknown}
 A - 2 potions of mutation {!q}
 C - a potion of resistance
 G - a potion of berserk rage {unknown}


   Skills:
 + Level 4.7 Maces & Flails
 + Level 5.6 Armour
 + Level 6.7 Dodging
 - Level 1.5 Stealth
 + Level 8.6 Spellcasting


You had 6 spell levels left.
You knew the following spells:

 Your Spells              Type           Power      Damage    Failure   Level
b - Blink                 Tloc           100%       N/A       1%          2
c - Foxfire               Conj/Fire      100%       2x1d9     1%          1
g - Frozen Ramparts       Ice            100%       1d12      1%          3
A - Ozocubu's Armour      Ice            61%        N/A       1%          3
M - Searing Ray           Conj           100%       2d8       1%          2
U - Petrify               Tmut/Erth      61%        N/A       2%          4
X - Hailstorm             Conj/Ice       61%        3d13      2%          4
Z - Freeze                Ice            100%       1d11      1%          1
Your spell library was empty.

Dungeon Overview and Level Annotations

Branches:
Dungeon (7/15)             Temple (1/1) D:5

Altars:
Dithmenos
Hepliaklqana
Makhleb
Nemelex Xobeh
Okawaru
Qazlal
Ru
Sif Muna
Trog
Vehumet
Wu Jian
Xom
Yredelemnul
The Shining One

Shops:
D:1 =


Innate Abilities, Weirdness & Mutations

You are immune to sickness and miasma.
You are immune to poison.
Your flesh is very heat resistant. (rF++)
You are vulnerable to cold. (rC-)
You float through the air rather than walking.
You learn spells naturally, not from books.
Your magical power is your life essence.
You have superior vitality. (+4 MHP)


Message History

The unseen horror looks as sick as possible!
The helpless unseen horror fails to defend itself.
You sock the unseen horror!
The unseen horror looks as sick as possible!
The helpless unseen horror fails to defend itself.
You sock the unseen horror!
You kill the unseen horror!
Makhleb accepts your kill.
You feel better.
Health restored: 60
Things that are here:
a +0 flail; a +0 chain mail; a +0 trident
Things that are here:
a +0 flail; a +0 chain mail; a +0 trident You see here a +0 short sword.
Things that are here:
a +0 robe; a +0 dagger
Things that are here:
a +0 plate armour; a +0 hand axe
Things that are here:
a +0 robe; a +0 dagger You see here a +0 short sword.
Things that are here:
a +0 flail; a +0 chain mail; a +0 trident
Things that are here:
a +2 robe of the Archmagi; a +0 dagger
I - a +2 robe of the Archmagi You start removing your armour.
You continue taking off your +0 robe. x4
You finish taking off your +0 robe.
You start putting on your armour.
You continue putting on your +2 robe of the Archmagi. x5
You finish putting on your +2 robe of the Archmagi.
You feel powerful.
You drop a +0 robe.
You drop a +3 whip.
Things that are here:
a +0 flail; a +0 chain mail; a +0 trident You see here a +0 short sword.
Things that are here:
a +0 robe; a +0 dagger
Things that are here:
a +0 plate armour; a +0 hand axe
Things that are here:
a +0 ring mail; a +0 hand axe
Things that are here:
a +0 robe; a +0 flail A komodo dragon is nearby!
Aim: a komodo dragon (wandering, hasn't noticed you, chance to affect: 60%)
You feel a surge of power!
The komodo dragon hisses angrily.
The komodo dragon is moving more slowly.
You take 4 damage, and have 56/60 hp.
The komodo dragon stops moving altogether!
The helpless komodo dragon fails to defend itself.
You hit the komodo dragon.
The komodo dragon is poisoned.
The helpless komodo dragon fails to defend itself.
You sock the komodo dragon!
The komodo dragon looks as sick as possible!
The helpless komodo dragon fails to defend itself.
You sock the komodo dragon!
The komodo dragon looks as sick as possible!
The helpless komodo dragon fails to defend itself.
You hit the komodo dragon.
The komodo dragon looks as sick as possible!
The helpless komodo dragon fails to defend itself.
You thump the komodo dragon!
The komodo dragon looks as sick as possible!
The helpless komodo dragon fails to defend itself.
You sock the komodo dragon!
The komodo dragon looks as sick as possible!
The komodo dragon is no longer petrified.
The komodo dragon bites you!! The komodo dragon closely misses you.
You take 22 damage, and have 37/60 hp.
MASSIVE DAMAGE!!
You hit the komodo dragon.
The komodo dragon looks as sick as possible!
The komodo dragon bites you!!
* * * LOW HITPOINT WARNING * * *
You take 20 damage, and have 17/60 hp.
MASSIVE DAMAGE!!
You hit the komodo dragon.
The komodo dragon looks as sick as possible!
Your punch misses the komodo dragon. The komodo dragon bites you!
* * * LOW HITPOINT WARNING * * *
You take 13 damage, and have 4/60 hp.
MASSIVE DAMAGE!!
Okay, then.
Unknown command.
That's the wrong kind of item! (Use * to select it.)
You don't have any such object.
Okay, then.
Unknown command.
Aim: a komodo dragon (almost dead, extremely poisoned, chance to affect: 31%)
Okay, then.
Unknown command.
Unknown command.
Aim: a komodo dragon (almost dead, extremely poisoned, 87% to hit)
You feel a surge of power!
The searing ray hits the komodo dragon but does no damage. (Press . to maintain the ray.)
* * * LOW HITPOINT WARNING * * *
The komodo dragon bites you!
You die...

..... ........#####.#####.
..... #..#.#..(.......# ##
......#........######.# #
....[.#........######.####
..........................
#.#####....##.#.....###.>.
#........#.#.<#####...###.
#####........## ###..##.
##...@l.## ######
##..#...##### #
###..###.....)##########
#....# #...........##...
#..### #..####..#..#..#.
..... #..###...##...##.
....... #.###....###.###.
....### #.# #.###.##.##.#
...# #.# #..###.#.#.##


You could see a komodo dragon (extremely poisoned).

Vanquished Creatures
  Maggie (D:7)
  An unseen horror (D:7)
  2 komodo dragons (D:7)
  A basilisk (D:7)
  2 ice beasts
  A sky beast (D:6)
  3 orc warriors
  A black bear (D:6)
  3 ogres
  A necrophage (D:7)
  A phantom (D:7)
  2 bullfrogs (D:7)
  A wyvern zombie (D:7)
  3 scorpions
  6 killer bees (D:7)
  3 wights (D:6)
  3 hounds
  3 jellies
  A bullfrog zombie (D:5)
  3 orc priests
  2 gnoll shamans
  3 iguanas
  5 orc wizards
  12 gnolls
  6 adders
  A shadow imp (D:6)
  A white imp (D:5)
  2 ufetubi
  An adder skeleton (D:4)
  2 worms
  4 dart slugs
  17 orcs
  10 ball pythons
  12 endoplasms
  7 giant cockroaches
  9 goblins
  9 hobgoblins
  A jackal (D:2)
  10 kobolds
  8 quokkas
  6 bats
  2 frilled lizards
  5 rats
177 creatures vanquished.

Vanquished Creatures (others)
  153 foxfires
153 creatures vanquished.

Grand Total: 330 creatures vanquished

Notes
Turn   | Place    | Note
-------+----------+-------------------------------------------
     0 | D:1      | murtidash the Djinni Ice Elementalist began the quest for
                  | the Orb.
     0 | D:1      | Reached XP level 1. HP: 15/15 MP: 0/0
   306 | D:1      | Reached XP level 2. HP: 11/21 MP: 0/0
  1145 | D:1      | Found a faded altar of an unknown god.
  1241 | D:1      | Found Qiwnuescho's One-of-a-Kind Rings.
  1649 | D:2      | Reached XP level 3. HP: 23/25 MP: 0/0
  1649 | D:2      | Learned a level 1 spell: Foxfire
  1986 | D:2      | Reached skill level 4 in Spellcasting
  2503 | D:2      | Reached XP level 4. HP: 20/31 MP: 0/0
  2939 | D:2      | Noticed a scorpion
  2948 | D:2      | Killed a scorpion
  2949 | D:2      | Reached XP level 5. HP: 9/35 MP: 0/0
  2949 | D:2      | Learned a level 2 spell: Searing Ray
  3447 | D:3      | Reached skill level 5 in Spellcasting
  4283 | D:3      | Reached XP level 6. HP: 30/40 MP: 0/0
  5032 | D:4      | Reached skill level 6 in Spellcasting
  5081 | D:4      | Noticed an ogre
  5088 | D:4      | Killed an ogre
  5089 | D:4      | Reached XP level 7. HP: 39/45 MP: 0/0
  5089 | D:4      | Learned a level 2 spell: Blink
  5790 | D:5      | Entered Level 5 of the Dungeon
  5958 | D:5      | Found a staircase to the Ecumenical Temple.
  5972 | D:5      | Reached skill level 7 in Spellcasting
  5973 | Temple   | Entered the Ecumenical Temple
  6034 | Temple   | Became a worshipper of Makhleb the Destroyer
  6189 | D:5      | Reached XP level 8. HP: 45/50 MP: 0/0
  6190 | D:5      | Identified the +8 flail of Wu Jian's Approval {venom, Fly
                  | rPois rF+}
  6296 | D:5      | Reached skill level 1 in Armour
  6306 | D:5      | Reached skill level 1 in Maces & Flails
  6658 | D:5      | Found a stormy altar of Qazlal.
  6727 | D:5      | Reached skill level 3 in Dodging
  6952 | D:6      | Reached skill level 2 in Armour
  7210 | D:6      | Found a large runed translucent door.
  7211 | D:6      | Found a large runed translucent door.
  7236 | D:6      | Reached skill level 2 in Maces & Flails
  7325 | D:6      | Found a hazy altar of Hepliaklqana.
  7496 | D:6      | Reached * piety under Makhleb
  7575 | D:6      | Reached skill level 4 in Dodging
  7575 | D:6      | Reached XP level 9. HP: 40/55 MP: 0/0
  7575 | D:6      | Learned a level 4 spell: Petrify
  7779 | D:6      | Reached skill level 3 in Armour
  8263 | D:6      | Found a sparkling altar of Nemelex Xobeh.
  8583 | D:7      | Reached skill level 3 in Maces & Flails
  8592 | D:7      | HP: 8/55 [phantom (5)]
  8870 | D:7      | Reached skill level 5 in Dodging
  8870 | D:7      | Reached skill level 8 in Spellcasting
  9115 | D:7      | Reached skill level 4 in Armour
  9313 | D:7      | Noticed Maggie
  9333 | D:7      | Killed Maggie
  9452 | D:7      | Reached XP level 10. HP: 47/60 MP: 0/0
  9458 | D:7      | Reached skill level 4 in Maces & Flails
  9458 | D:7      | Reached skill level 6 in Dodging
  9462 | D:7      | Reached skill level 5 in Armour
  9668 | D:7      | Noticed a komodo dragon
  9678 | D:7      | Killed a komodo dragon
  9733 | D:7      | Noticed a komodo dragon
  9751 | D:7      | Killed a komodo dragon
  9800 | D:7      | Noticed a komodo dragon
 10061 | D:7      | Noticed an unseen horror
 10072 | D:7      | Killed an unseen horror
 10153 | D:7      | HP: 4/60 [komodo dragon (13)]
 10154 | D:7      | Mangled by a komodo dragon

Illustrated notes

Levels and vault maps discovered:
D:1:      saegor_arrival_simple_a, layout_basic, basic_ecumenical_altar,
          nicolae_shop_unique_rings
D:2:      minmay_razor_zed, layout_basic, fountainhead, roderic_roman_lattice,
          item_on_display_a
D:3:      minmay_octagon_keep, layout_loops_corners
D:4:      layout_rooms
D:5:      minmay_evil_eye, layout_cave_pools, lemuel_doored_altar,
          minmay_temple_entry_mini_moons
D:6:      minmay_spotlight, layout_gridville,
          mainiacjoe_overflow_small_starburst, jmf_multi_god_temple2
D:7:      layout_rooms, serial_curves, eino_curves_04, eino_curves_02,
          minmay_crystal_room, st_stairs_5, kb_rosetta, uniq_maggie
Temple:   nicolae_temple_elliptical

Skill      XL: |  1  2  3  4  5  6  7  8  9 10 |
---------------+-------------------------------+-----
Spellcasting   | 4 5 6 7 8 |  8.6
Armour         | 2 4 5 |  5.6
Maces & Flails | 2 3 4 |  4.7
Dodging        | 4 5 6 |  6.7
Stealth        | |  1.5

Action                   |  1- 3 |  4- 6 |  7- 9 | 10-12 || total
-------------------------+-------+-------+-------+-------++-------
Melee: Unarmed           |     3 |       |       |       ||     3
       Short sword       |     6 |     1 |       |       ||     7
       Flail             |       |       |     1 |    40 ||    41
 Cast: Freeze            |    64 |    28 |    25 |     1 ||   118
       Frozen Ramparts   |       |    21 |    31 |     2 ||    54
       Foxfire           |       |    27 |    64 |       ||    91
       Searing Ray       |       |       |    24 |     3 ||    27
       Hailstorm         |       |       |     6 |       ||     6
       Ozocubu's Armour  |       |       |     3 |     1 ||     4
       Petrify           |       |       |       |    11 ||    11
  Use: Scroll            |       |       |     8 |     1 ||     9
       Potion            |       |       |     1 |       ||     1
 Stab: Petrified         |       |       |       |    33 ||    33
Armor: Robe              |    13 |     6 |     4 |       ||    23
Dodge: Dodged            |    21 |    20 |    27 |    10 ||    78

Table legend: (Time is in decaauts)
 A = Elapsed time spent in this place.
 B = Non-inter-level travel time spent in this place.
 C = Inter-level travel time spent in this place.
 D = Time resting spent in this place.
 E = Time spent auto-exploring this place.
 F = Levels seen in this place.
 G = Mean time per level.
                   A        B        C        D        E       F      G
               +--------+--------+--------+--------+--------+-----+--------+
         Total |  10160 |   9995 |    165 |    123 |   8721 |   8 | 1270.0 |
       Dungeon |  10080 |   9932 |    148 |    123 |   8671 |   7 | 1440.0 |
        Temple |     79 |     62 |     17 |      0 |     50 |   1 |   79.0 |
               +--------+--------+--------+--------+--------+-----+--------+

Top non-repeatable levels by time:
     D:2: 1849 daAuts
     D:6: 1847 daAuts
     D:3: 1658 daAuts
     D:1: 1511 daAuts
     D:7: 1490 daAuts
     D:5: 954 daAuts
     D:4: 768 daAuts
  Temple: 79 daAuts

Table legend:
 A = Kills in this place as a percentage of kills in entire the game.
 B = Kills by you in this place as a percentage of kills by you in the entire game.
 C = Kills by friends in this place as a percentage of kills by friends in the entire game.
 D = Other kills in this place as a percentage of other kills in the entire game.
 E = Experience gained in this place as a percentage of experience gained in the entire game.
 F = Experience gained in this place divided by the number of levels of this place that you have seen.
                   A       B       C       D       E      F
               +-------+-------+-------+-------+-------+----------------------
         Total | 100.0 | 100.0 |   N/A |   N/A | 100.0 | 697.5
       Dungeon | 100.0 | 100.0 |   N/A |   N/A | 100.0 | 797.1
               +-------+-------+-------+-------+-------+----------------------
